AoeStats
← Iguano Pop

Arabia

507918429Analyzed
1v1 RM · 12d ago on Sep 20, 2026· 25m 11s· 2 players
Game mode
Random Map
Map size
Tiny (2 player)
Population
200
Speed
Normal
Resources
Standard
Victory
Conquest
Starting age
Dark Age
Ending age
Imperial Age
RankedLock teamsTeams togetherTeam positionsShared explorationLock speedFull tech treeHidden civsTurbo modeCheats
Victory
Defeat
🇵🇪 Turks · Peru
1330
+18
🇲🇽 Bengalis · Mexico
1366
-18
RJoat
6:30 Loom
9:20 Feudal Age
9:22 Man-at-Arms
15:43 Double-Bit Axe
16:15 Fletching
17:22 Padded Archer Armor
23:28 Castle Age
23:04 Horse Collar
23:31 Crossbowman
24:20 Bodkin Arrow
25:53 Leather Archer Armor
Iguano Pop
7:04 Loom
9:21 Feudal Age
12:24 Town Watch
18:54 Wheelbarrow
19:49 Fletching
22:40 Padded Archer Armor
Connection lost

Rejoining the realm…

Still unreachable

The connection could not be restored.

Session expired

The server has moved on; the page needs a fresh start.